 Dungeon Crawl Stone Soup version 0.29-a0-775-g4d7333d4e2 (webtiles) character file.

Game seed: 4335560997463315641

207484 Mesmaeker13 the Slayer (level 18, -2/223 HPs)
             Began as an Ogre Gladiator on July 1, 2022.
             Was the Champion of Wu Jian.
             Slain by a spriggan rider
             ... wielding a +0 spear
              (15 damage)
             ... on level 4 of the Swamp.
             The game lasted 01:28:23 (51037 turns).

Mesmaeker13 the Slayer (Ogre Gladiator)            Turns: 51037, Time: 01:28:24

Health: -2/223     AC: 23    Str: 27    XL:     18   Next: 75%
Magic:  27/27      EV: 11    Int: 11    God:    Wu Jian [******]
Gold:   1419       SH:  0    Dex: 10    Spells: 14/17 levels left

rFire   . . .      SeeInvis +   d - +0 giant club (flame)
rCold   + + .      Faith    .   (shield currently unavailable)
rNeg    . . .      Spirit   .   H - +0 ice dragon scales
rPois   +          Reflect  .   j - +1 hat of the Aged Artists {rPois}
rElec   +          Harm     .   m - +2 cloak
rCorr   +          Rampage  .   (gloves unavailable)
Will    +....                   (boots unavailable)
Stlth   ..........              Y - amulet of Girod {+Inv Regen+ rCorr SInv}
HPRegen 1.27/turn               G - ring "Caarrazo" {rElec MP+9 AC+4}
MPRegen 0.20/turn               N - ring of protection from fire

@: about to teleport, invisible
A: large, unfitting armour, tough skin 1
}: 1/15 runes: serpentine
a: Renounce Religion, Evoke Invisibility, Wall Jump, Serpent's Lash, Heavenly
Storm


You were on level 4 of the Swamp.
You worshipped Wu Jian.
Wu Jian was exalted by your worship.
You visited 6 branches of the dungeon, and saw 32 of its levels.
You visited the Abyss 1 time.
You also visited: Ossuary and Ice Cave.

You collected 3432 gold pieces.
You spent 2013 gold pieces at shops.

Inventory:

Hand Weapons
 d - a +0 giant club of flaming (weapon)
 e - a +0 giant spiked club of flaming
Missiles
 s - 28 large rocks (quivered)
 B - 9 curare-tipped darts
 J - 10 javelins
Armour
 j - the +1 hat of the Aged Artists (worn) {rPois}
   (You acquired it on level 2 of the Lair of Beasts)

   rPois:     It protects you from poison.
 m - a +2 cloak (worn)
 y - a +0 kite shield of protection
 H - +0 ice dragon scales (worn)
Jewellery
 u - a +4 ring of evasion
 G - the ring "Caarrazo" (left hand) {rElec MP+9 AC+4}
   (You bought it in a shop on level 2 of the Orcish Mines)

   [ring of protection]

   AC:        It affects your AC (+4).
   rElec:     It insulates you from electricity.
   MP:        It affects your magic capacity (+9).
 N - a ring of protection from fire (right hand)
 O - an amulet of reflection
 Y - the amulet of Girod (around neck) {+Inv Regen+ rCorr SInv}
   (You bought it in a shop on level 15 of the Dungeon)

   [amulet of regeneration]

   SInv:      It lets you see invisible.
   +Inv:      It lets you turn invisible.
   Regen:     It increases your rate of health regeneration.
   rCorr:     It protects you from acid and corrosion.
Wands
 h - a wand of quicksilver (5)
 F - a wand of mindburst (10)
 K - a wand of flame (31)
 X - a wand of paralysis (13)
Scrolls
 f - a scroll of brand weapon
 i - a scroll of immolation
 n - 6 scrolls of magic mapping
 r - 4 scrolls of noise
 v - 5 scrolls of poison
 C - 5 scrolls of silence
 E - 4 scrolls of fog
 I - 4 scrolls of teleportation
 L - 2 scrolls of blinking
 W - 2 scrolls of summoning
Potions
 b - 2 potions of cancellation
 c - 2 potions of ambrosia
 g - 4 potions of brilliance
 k - 3 potions of mutation
 q - 3 potions of curing
 w - 5 potions of resistance
 x - 2 potions of berserk rage
 z - 5 potions of attraction
 M - 5 potions of lignification
 R - 4 potions of flight
 Z - a potion of haste
Miscellaneous
 U - a phantom mirror


   Skills:
 + Level 23.4 Fighting
 + Level 17.8 Maces & Flails
 + Level 8.6 Throwing
 - Level 12.0 Armour
 - Level 10.0 Dodging
 - Level 1.5 Stealth
 + Level 2.9 Hexes


You had 14 spell levels left.
You knew the following spells:

 Your Spells              Type           Power      Damage    Failure   Level
a - Confusing Touch       Hex            6%         N/A       56%         3

Your spell library contained the following spells:

 Spells                   Type           Power      Damage    Failure   Level
 Ensorcelled Hibernation  Hex/Ice        6%         N/A       54%         2
 Magic Dart               Conj           0%         1d3       58%         1
 Sandblast                Erth           0%         2d4       58%         1
 Shock                    Conj/Air       0%         1d3       58%         1
 Call Imp                 Summ           0%         N/A       75%         2
 Passwall                 Tmut/Erth      0%         N/A       75%         2
 Searing Ray              Conj           0%         2d4       75%         2
 Sublimation of Blood     Necr           0%         N/A       75%         2
 Frozen Ramparts          Ice            0%         1d2       92%         3
 Gell's Gravitas          Tloc           0%         N/A       92%         3
 Lesser Beckoning         Tloc           0%         N/A       92%         3
 Mephitic Cloud           Conj/Pois/Air  0%         N/A       92%         3
 Ozocubu's Armour         Ice            0%         N/A       92%         3
 Spider Form              Tmut/Pois      0%         N/A       92%         3
 Stone Arrow              Conj/Erth      0%         3d7       92%         3
 Swiftness                Air            0%         N/A       92%         3
 Teleport Other           Tloc           0%         N/A       92%         3
 Anguish                  Hex/Necr       1%         N/A       99%         4
 Fulminant Prism          Conj/Hex       1%         3d6       99%         4
 Leda's Liquefaction      Hex/Erth       1%         N/A       99%         4
 Airstrike                Air            0%         0-1+      100%        4
 Animate Dead             Necr           0%         N/A       100%        4
 Ice Form                 Ice/Tmut       0%         N/A       100%        4
 Petrify                  Tmut/Erth      0%         N/A       100%        4
 Summon Ice Beast         Ice/Summ       0%         N/A       100%        4
 Summon Lightning Spire   Summ/Air       0%         N/A       100%        4
 Agony                    Necr           0%         N/A       100%        5
 Borgnjor's Vile Clutch   Necr/Erth      0%         N/A       100%        5
 Irradiate                Conj/Tmut      0%         3d13      100%        5
 Lee's Rapid Deconstruct  Erth           0%         3d5*      100%        5
 Lightning Bolt           Conj/Air       0%         1d11      100%        5
 Summon Forest            Summ/Tloc      0%         N/A       100%        5
 Summon Mana Viper        Hex/Summ       3%         N/A       100%        5
 Yara's Violent Unravell  Hex/Tmut       1%         3d3       100%        5
 Death Channel            Necr           0%         N/A       100%        6
 Statue Form              Tmut/Erth      0%         N/A       100%        6
 Summon Cactus Giant      Summ           0%         N/A       100%        6
 Enfeeble                 Hex            3%         N/A       100%        7
 Monstrous Menagerie      Summ           0%         N/A       100%        7
 Ozocubu's Refrigeration  Ice            0%         4d5       100%        7
 Storm Form               Tmut/Air       0%         N/A       100%        7


Dungeon Overview and Level Annotations

Branches:
Dungeon (15/15)            Temple (1/1) D:7            Lair (6/6) D:10
  Swamp (4/4) Lair:3        Snake (4/4) Lair:2        Slime (0/5) Lair:6
    Orc (2/2) D:9             Elf (0/3) Orc:2        Vaults (0/5) D:13
 Depths (0/4) D:15        Ossuary (visited)           IceCv (visited)

Altars:
Elyvilon
Fedhas
Gozag
Hepliaklqana
Makhleb
Nemelex Xobeh
Qazlal
Ru
Sif Muna
Trog
Vehumet
Wu Jian
Zin
The Shining One
Beogh

Shops:
D:3 :   D:9 *   D:11 *=   D:15 =   Orc:2 =*(??

Portals:
Trove: D:11 (give 6 potions of haste)

Annotations:
D:9 6 transporters, Zebulonius's ghost, journeyman MiFi
Lair:4 exclusion: oklob plant
Snake:3 1 runed translucent door, Obbiaqog's ghost, adept TeAE


Innate Abilities, Weirdness & Mutations

You are too large for most types of armour.
You have tough skin. (AC +1)


Message History

The eight-headed hydra bites you but does no damage. x2
Blink to where?
Press: ? - help, Dir - move target
As you read the scroll of blinking, it crumbles to dust.
The swamp drake breathes poison at you.
As you read the scroll of teleportation, it crumbles to dust.
You feel strangely unstable.
The swamp worm fires a harpoon shot at you.
The harpoon shot hits you but does no damage.
You enter the shallow water.
Moving in this stuff is going to be slow.
Your surroundings suddenly seem different.
Splash!
A bunyip comes into view.
The spriggan rider shouts!
The bunyip gives a hideous shriek!
The bunyip claws you but does no damage.
The bunyip claws you!!
* * * LOW HITPOINT WARNING * * *
The bunyip claws you but does no damage.
You fade into invisibility!
You feel much better.
The bunyip claws you but does no damage. x2
The bunyip claws you!
The spriggan rider hits you from afar with a +0 spear!
* * * LOW HITPOINT WARNING * * *
Unknown command.
As you read the scroll of teleportation, it crumbles to dust.
You feel strangely unstable.
The spriggan rider hits you from afar with a +0 spear!
* * * LOW HITPOINT WARNING * * *
Unknown command.
A bloated husk comes into view.
The spriggan rider hits you from afar with a +0 spear.
* * * LOW HITPOINT WARNING * * *
The bloated husk explodes!
The blast of putrescent gases engulfs you!!!
* * * LOW HITPOINT WARNING * * *
The blast of putrescent gases engulfs the bunyip!!
The spriggan rider hits you from afar with a +0 spear!
You die...

♣♣♣♣♣...
♣≈.≈≈.♣ ♣♣♣♣
♣♣.≈≈≈.♣♣ #
♣≈..≈..≈ #
♣..≈≈≈.♣♣♣
..§≈≈§..♣
♣..≈≈≈≈♣
♣.≈≈≈≈≈♣
♣♣≈.@...♣♣
♣..x≈≈≈.≈♣
♣...i≈§≈♣♣
♣♣♣.§§≈≈≈≈≈♣
♣≈.≈≈≈≈≈≈≈♣♣
♣.≈≈≈≈≈≈≈≈≈♣
♣.§≈≈≈≈≈≈≈.♣♣
♣≈≈≈≈≈≈≈§.≈♣
♣.≈≈≈≈≈...♣♣


You could see a bunyip (wandering, unable to see you) and a spriggan rider.

Vanquished Creatures
  Saint Roka (Snake:2)
  Nikola (Snake:2)
  Jorgrun (D:12)
  A thorn hunter (Lair:3)
  7 nagarajas
  A fire giant (D:15)
  Aizul (Swamp:1)
  2 eleionomae
  3 bunyips
  6 vault guards (D:13)
  Josephine (D:10)
  A salamander tyrant (Snake:2)
  4 boulder beetles
  3 ghost crabs
  16 hydras
  6 anacondas
  3 catoblepae
  2 ogre magi (Orc:2)
  11 two-headed ogres
  6 alligators
  2 centaur warriors
  14 naga warriors
  2 death yaks
  Urug (Lair:4)
  15 naga sharpshooters
  A spriggan berserker (Lair:3)
  7 shock serpents
  6 spriggans
  Sonja (Orc:1)
  A death drake (Swamp:3)
  A deep troll (Orc:1)
  8 salamander mystics
  3 swamp dragons
  2 spriggan druids
  3 bog bodies
  4 deep elf pyromancers
  3 naga ritualists (Snake:4)
  3 lindwurms
  5 mana vipers
  An oklob plant (Snake:4)
  6 cyclopes
  6 ugly things
  2 manticores
  27 salamanders
  A will-o-the-wisp (Swamp:3)
  20 black mambas
  3 ice statues (IceCv)
  7 guardian serpents
  9 naga magi
  6 elephants (Lair:4)
  Maurice (D:13)
  3 gargoyles
  19 cane toads
  Maggie (D:6)
  An unseen horror (D:11)
  3 rime drakes
  9 komodo dragons
  A freezing wraith (D:15)
  2 tengu conjurers (D:15)
  A polar bear (Lair:4)
  17 tyrant leeches
  9 trolls
  12 slime creatures
  15 blink frogs
  5 hornets
  11 dream sheep
  A slime creature (shapeshifter) (D:13)
  4 water elementals (D:15)
  5 wraiths
  2 vampires
  3 shadows
  2 dire elephant simulacra (IceCv)
  6 wyverns
  53 yaks
  2 basilisks
  2 steam dragons
  12 vampire mosquitoes
  Menkaure (D:4)
  2 death yak simulacra (IceCv)
  2 wargs (Orc:2)
  11 swamp worms
  53 nagas
  2 acid dragons (D:14)
  21 water moccasins
  An acid dragon (shapeshifter) (D:8)
  2 swamp drakes (Swamp:3)
  8 orc warriors
  3 sky beasts
  An ice beast (D:5)
  20 ogres
  8 black bears
  6 wolves (Lair:3)
  4 centaurs
  A phantom (D:5)
  3 kobold brigands
  Blork the orc (D:4)
  30 bullfrogs
  An elf zombie (Ossuary)
  2 gnoll sergeants
  A cane toad simulacrum (IceCv)
  3 necrophages
  4 scorpions
  2 two-headed ogre simulacra (D:11)
  10 wights
  An elephant simulacrum (IceCv)
  20 killer bees
  A howler monkey (D:8)
  3 jellies
  2 centaur zombies (Ossuary)
  2 human zombies (Ossuary)
  A bouda (D:8)
  3 hounds
  12 orc priests
  Jessica (D:1)
  6 iguanas
  13 orc wizards
  A polar bear simulacrum (IceCv)
  4 spriggan simulacra (D:11)
  2 mummies (Ossuary)
  20 gnolls
  14 adders
  2 shadow imps
  3 adder zombies (Ossuary)
  A worm (D:2)
  55 orcs
  6 ball pythons
  8 endoplasms
  A giant cockroach (D:4)
  8 goblins
  4 hobgoblins
  3 jackals (D:1)
  19 kobolds
  5 quokkas
  5 bats
  6 frilled lizards
  A goblin zombie (Ossuary)
  10 hobgoblin zombies (Ossuary)
  8 kobold zombies (Ossuary)
  8 orc zombies (Ossuary)
  4 rats
  2 rat zombies (Ossuary)
  A butterfly (Lair:1)
918 creatures vanquished.

Vanquished Creatures (collateral kills)
  A salamander (Snake:4)
  An orc (D:6)
2 creatures vanquished.

Vanquished Creatures (others)
  A salamander (Snake:2)
  A bloated husk (Swamp:4)
  A swamp worm (Swamp:2)
  A bush (Lair:6)
  57 fungi
  199 plants
  5 toadstools (Swamp:1)
265 creatures vanquished.

Grand Total: 1185 creatures vanquished

Notes
Turn   | Place    | Note
-------+----------+-------------------------------------------
     0 | D:1      | Mesmaeker13 the Ogre Gladiator began the quest for the Orb.
     0 | D:1      | Reached XP level 1. HP: 22/22 MP: 1/1
   338 | D:1      | Reached XP level 2. HP: 24/29 MP: 2/2
   903 | D:1      | Reached XP level 3. HP: 35/36 MP: 3/3
  1163 | D:2      | Noticed Jessica
  1196 | D:1      | Killed Jessica
  1197 | D:1      | Reached skill level 3 in Fighting
  1470 | D:2      | Reached XP level 4. HP: 39/45 MP: 4/4
  2654 | D:3      | Reached XP level 5. HP: 53/53 MP: 5/5
  2847 | D:3      | Found Buyfao Suyr's Vocational Training.
  3057 | D:4      | Noticed an ogre
  3114 | D:4      | Noticed Menkaure
  3126 | D:4      | Killed Menkaure
  3126 | D:4      | Noticed an orc warrior
  3127 | D:4      | Reached skill level 4 in Fighting
  3127 | D:4      | Reached skill level 1 in Stealth
  3127 | D:4      | Reached XP level 6. HP: 17/62 MP: 6/6
  3553 | D:4      | Reached skill level 5 in Maces & Flails
  3727 | D:4      | Noticed Blork the orc
  3742 | D:4      | Killed Blork the orc
  3778 | D:4      | Reached XP level 7. HP: 57/70 MP: 7/7
  4592 | D:4      | Reached skill level 5 in Fighting
  4792 | D:4      | Found a radiant altar of Vehumet.
  4839 | D:5      | Entered Level 5 of the Dungeon
  4861 | D:5      | Found a blossoming altar of Fedhas.
  5473 | D:5      | Reached XP level 8. HP: 83/83 MP: 8/8
  5512 | D:5      | Reached skill level 6 in Fighting
  5512 | D:5      | Reached skill level 5 in Dodging
  6200 | D:5      | Reached skill level 7 in Fighting
  6444 | D:6      | Noticed a yak
  6997 | D:6      | Reached XP level 9. HP: 76/94 MP: 9/9
  7415 | D:6      | Reached skill level 8 in Fighting
  8302 | D:6      | Noticed Maggie
  8700 | D:7      | Reached skill level 9 in Fighting
  9186 | D:7      | Found a sand-covered staircase.
  9197 | Ossuary  | Entered an ossuary
  9806 | D:7      | Found a staircase to the Ecumenical Temple.
  9814 | Temple   | Entered the Ecumenical Temple
  9856 | Temple   | Became a worshipper of the Wu Jian Council
  9918 | D:7      | HP: 3/92 [wight/+5 halberd (10)]
 10456 | D:7      | Reached XP level 10. HP: 50/110 MP: 10/10
 10462 | D:7      | Reached skill level 10 in Fighting
 10934 | D:6      | Killed Maggie
 11170 | D:7      | Found a stormy altar of Qazlal.
 11714 | D:8      | Reached * piety under Wu Jian
 11789 | D:8      | Reached skill level 11 in Fighting
 12429 | D:8      | Found a glowing golden altar of the Shining One.
 13016 | D:8      | Noticed a boulder beetle
 13024 | D:8      | Noticed a two-headed ogre
 13659 | D:8      | Reached ** piety under Wu Jian
 13862 | D:8      | Killed a two-headed ogre
 13863 | D:8      | Reached skill level 12 in Fighting
 13863 | D:8      | Reached XP level 11. HP: 55/123 MP: 11/11
 14196 | D:8      | Killed a boulder beetle
 14287 | D:9      | Found a transporter.
 14292 | D:9      | Found a transporter.
 14293 | D:9      | Found a transporter.
 14466 | D:9      | Found Edep's Assorted Antiques.
 14687 | D:9      | Found a transporter.
 14889 | D:9      | Found a transporter.
 14890 | D:9      | Noticed Zebulonius's ghost (journeyman MiFi)
 14908 | D:9      | Found a staircase to the Orcish Mines.
 14983 | D:9      | Reached skill level 10 in Maces & Flails
 15245 | D:9      | Found a transporter.
 15479 | D:10     | Entered Level 10 of the Dungeon
 15867 | D:10     | Found a staircase to the Lair.
 15877 | D:10     | Identified the +2 pair of boots of the Loofah {rC+}
 16082 | D:10     | Reached skill level 13 in Fighting
 16267 | D:10     | Found a glowing silver altar of Zin.
 16269 | D:10     | Noticed Josephine
 16284 | D:10     | Killed Josephine
 16315 | D:10     | Reached skill level 10 in Dodging
 16346 | D:10     | Noticed a two-headed ogre
 16820 | D:10     | Reached skill level 1 in Armour
 18034 | Lair:1   | Entered Level 1 of the Lair of Beasts
 18163 | Lair:1   | Reached XP level 12. HP: 115/137 MP: 12/12
 18302 | Lair:1   | Reached *** piety under Wu Jian
 18450 | Lair:1   | Reached skill level 14 in Fighting
 18477 | Lair:1   | Noticed a six-headed hydra
 18488 | Lair:1   | Killed a six-headed hydra
 19433 | Lair:2   | Noticed a catoblepas
 19451 | Lair:2   | Killed a catoblepas
 20261 | Lair:2   | Found a staircase to the Snake Pit.
 20568 | Lair:2   | Identified a scroll of acquirement
 20568 | Lair:2   | Acquired the +1 hat of the Aged Artists {rPois}
 20614 | Lair:2   | Reached skill level 15 in Fighting
 20959 | Lair:2   | Identified the +11 scale mail "Zongiu Zeirr" {Str+7 Stlth+}
 21130 | Lair:2   | Reached skill level 5 in Armour
 21834 | Lair:3   | Reached XP level 13. HP: 95/150 MP: 13/13
 21896 | Lair:3   | Reached **** piety under Wu Jian
 22145 | Lair:3   | Found a staircase to the Swamp.
 23202 | Lair:3   | Reached skill level 16 in Fighting
 23536 | Lair:4   | Noticed Urug
 23553 | Lair:4   | Killed Urug
 26128 | Lair:5   | Reached skill level 17 in Fighting
 26133 | Lair:5   | Reached ***** piety under Wu Jian
 26798 | Lair:6   | Entered Level 6 of the Lair of Beasts
 26806 | Lair:6   | Got the Incunabulum of Dark Rites and Transmutation
 26812 | Lair:6   | Found a staircase to the Slime Pits.
 27583 | Lair:6   | Reached XP level 14. HP: 146/166 MP: 14/14
 30146 | Lair:6   | Reached skill level 18 in Fighting
 30735 | Orc:1    | Entered Level 1 of the Orcish Mines
 30909 | Orc:2    | Entered Level 2 of the Orcish Mines
 31023 | Orc:1    | Noticed Sonja
 31031 | Abyss:1  | Cast into level 1 of the Abyss (Sonja)
 31040 | Orc:1    | Escaped the Abyss
 31041 | Orc:1    | Killed Sonja
 31385 | Orc:2    | Found Qezuf's Magic Scroll Shop.
 31392 | Orc:2    | Found a staircase to the Elven Halls.
 31500 | Orc:1    | Reached XP level 15. HP: 30/178 MP: 15/15
 32535 | Orc:2    | Found Zaybaejy's Jewellery Shop.
 32785 | Orc:2    | Reached skill level 19 in Fighting
 32800 | Orc:2    | Found Sutav's Assorted Antiques.
 32805 | Orc:2    | Found Plog's Weapon Boutique.
 32808 | Orc:2    | Found Apyn Loe's Magic Scroll Shop.
 33342 | Orc:2    | Bought the ring "Caarrazo" {rElec MP+9 AC+4} for 964 gold
                  | pieces
 33570 | D:11     | Found a frozen archway.
 33629 | Orc:2    | Bought a ring of ice for 350 gold pieces
 33691 | IceCv    | Entered an ice cave
 35081 | D:11     | Found Zoodasid's Gadget Gallery.
 35231 | D:11     | Found Couh's Jewellery Shoppe.
 35287 | D:11     | Found a portal to a secret trove of treasure.
 35476 | D:12     | Noticed Jorgrun
 35495 | D:12     | Killed Jorgrun
 35496 | D:12     | Reached skill level 15 in Maces & Flails
 35496 | D:12     | Reached XP level 16. HP: 167/191 MP: 16/16
 35805 | D:12     | Found a white marble altar of Elyvilon.
 36027 | D:11     | Reached skill level 10 in Armour
 36480 | D:13     | Noticed Maurice
 36487 | D:13     | Killed Maurice
 37025 | D:13     | Reached ****** piety under Wu Jian
 37897 | D:13     | Found a gate to the Vaults.
 37942 | D:13     | Reached skill level 20 in Fighting
 38806 | D:14     | Found a bloodstained altar of Trog.
 39114 | D:15     | Entered Level 15 of the Dungeon
 39276 | D:15     | Found Russiewk's Jewellery Shop.
 39284 | D:15     | Bought the amulet of Girod {+Inv Regen+ rCorr SInv} for 699
                  | gold pieces
 39658 | D:15     | Found a staircase to the Depths.
 39818 | D:15     | Found a glowing golden altar of the Shining One.
 39818 | D:15     | Found a white marble altar of Elyvilon.
 39819 | D:15     | Found a glowing silver altar of Zin.
 40387 | Snake:1  | Entered Level 1 of the Snake Pit
 40618 | Snake:1  | Found a burning altar of Makhleb.
 41084 | Snake:1  | Reached skill level 21 in Fighting
 41502 | Snake:1  | Reached XP level 17. HP: 177/205 MP: 17/17
 41921 | Snake:2  | Noticed Saint Roka
 41939 | Snake:2  | Killed Saint Roka
 42461 | Snake:2  | Noticed Nikola
 43047 | Snake:2  | Killed Nikola
 44673 | Snake:3  | Paralysed by a salamander for 3 turns
 44857 | Snake:3  | Found a runed translucent door.
 44862 | Snake:3  | Reached skill level 22 in Fighting
 44862 | Snake:3  | Noticed Obbiaqog's ghost (adept TeAE)
 45078 | Snake:4  | Entered Level 4 of the Snake Pit
 45430 | Snake:4  | Reached skill level 5 in Throwing
 45797 | Snake:4  | Found a glowing golden altar of the Shining One.
 47096 | Snake:4  | Reached XP level 18. HP: 217/219 MP: 18/18
 48040 | Snake:4  | Got a serpentine rune of Zot
 48291 | Swamp:1  | Entered Level 1 of the Swamp
 48890 | Swamp:1  | Noticed Aizul
 48899 | Swamp:1  | Killed Aizul
 48900 | Swamp:1  | Reached skill level 23 in Fighting
 49400 | Swamp:2  | Learned a level 3 spell: Confusing Touch
 49831 | Swamp:2  | You fall into a shaft and drop 1 floor!
 49964 | Swamp:3  | Reached skill level 1 in Hexes
 50297 | Swamp:3  | Identified the +2 cloak of Ynosob {Harm *Slow Str+3 Int+3}
 50504 | Swamp:4  | Entered Level 4 of the Swamp
 51037 | Swamp:4  | Slain by a spriggan rider

Illustrated notes

Levels and vault maps discovered:
D:1:      beargit_arrival_greenhouse, layout_loops_ring, serial_rivers,
          chequers_serial_rivers_small_3, chequers_serial_rivers_small_3,
          chequers_serial_rivers_micro_b, chequers_serial_rivers_large_b,
          chequers_serial_rivers_room_b, chequers_serial_rivers_small_3
D:2:      layout_rooms, chequers_serial_rivers_micro_a, nrook_mini_vaults,
          minmay_distorted, uniq_jessica
D:3:      layout_loops_ring, hangedman_decor_opposing, nicolae_shop_vocational
D:4:      layout_cave_pools, kennysheep_mini, st_stairs_4,
          minmay_misc_feat_cross, minmay_cut_off, uniq_blork_the_orc,
          uniq_menkaure
D:5:      layout_loops_ring, mainiacjoe_overflow_concentric_impassable,
          serial_bayou_lagoon_b
D:6:      nicolae_whirlpool, layout_basic, grunt_ministairs_2, uniq_maggie
D:7:      layout_loops_ring, nicolae_qazlal_style_of_elements,
          minmay_temple_entry_stoned_glass, nicolae_ossuary_entry_plus
D:8:      nzn_winding_woodlands_three_and_one
          [nzn_winding_woodlands_5x15_zeroes, nzn_winding_woodlands_5x15_pool,
          nzn_winding_woodlands_5x15_eye, nzn_winding_woodlands_center_garden],
          layout_rooms, nicolae_tso_carved_into_rock,
          small_chamber_with_monster, eino_jars
D:9:      layout_irregular_city, orc_0_dummy, gammafunk_ghost_hive,
          serial_shops, shop, nicolae_diode_quadrants
D:10:     layout_layer_cave, old_standard_altar, due_lair_maze_entry_diamond,
          grunt_decor_arrowhead, uniq_josephine
D:11:     layout_big_octagon, nicolae_trove_entry_diagonal,
          portal_ice_cave_entry_ice_simulacra, serial_shops, shop,
          nicolae_shop_gadgets
D:12:     layout_irregular_city, nicolae_elyvilon_peaceful_grove, uniq_jorgrun
D:13:     layout_roguey, erik_vaults_2, uniq_maurice
D:14:     layout_irregular_city, bloody_trog, corexii_corridor_pit
D:15:     grunt_enter_depths_giant_problem, layout_irregular_city, serial_shops,
          shop, good_gods_mini_temple, nicolae_underground_beach
Temple:   bh_familiar_temple
Lair:1:   layout_regular_city, serial_bayou_shore_b, lemuel_fruit_fields,
          infiniplex_staircase_pool_2, grunt_megastairs_5
Lair:2:   cheibrodos_lair_overgrown_chateau, layout_regular_city,
          minmay_snake_entry_guardpost_small, chequers_serial_rivers_room_a
Lair:3:   layout_cave_shapes, minmay_swamp_entry_worms,
          nicolae_volcano_entry_lava_flow
Lair:4:   layout_cave_pods, serial_bayou_shore_b, uniq_urug
Lair:5:   layout_cave_shapes, grunt_megastairs_1
Lair:6:   minmay_lair_end_frog_pond, layout_small_grid,
          dpeg_slime_entry_enclosed
Swamp:1:  cheibrodos_swamp_tower_of_moss, layout_falls_marsh,
          nicolae_swamp_some_circles, uniq_aizul
Swamp:2:  layout_basic_swamp, evilmike_swamp_ruin_house_4, swamp_pool1
Swamp:3:  layout_basic_swamp, evilmike_swamp_ruin_house_1,
          infiniplex_staircase_pool
Swamp:4:  swamp_basic_johnstein, layout_basic_swamp,
          nicolae_swamp_nymph_family_reunion
Snake:1:  layout_misc_corridors, special_room, basic_altar,
          nicolae_snake_gridmaze_waves, st_stairs_11,
          nicolae_snake_guarding_the_ruins
Snake:2:  layout_cave_pods, uniq_saint_roka, uniq_nikola
Snake:3:  layout_basic, ebering_ghost_reflecting_pool, grunt_ministairs_8
Snake:4:  johnstein_snake_rune_scales, layout_onion, lemuel_oklob_altar
Orc:1:    layout_caves, uniq_sonja
Orc:2:    st_orc_open, layout_diamond_mine, basic_altar, serial_shops,
          nicolae_shop_advertising_works [nicolae_subvault_shop_adworks]

Skill      XL: |  1  2  3  4  5  6  7  8  9 10 11 12 13 14 15 16 17 18 |
---------------+-------------------------------------------------------+-----
Maces & Flails | 3 4 5 6 7 8 9 10 12 13 14 15 16 17 | 17.8
Dodging        | 3 4 6 7 9 10 | 10.0
Fighting       | 3 4 5 7 9 12 13 15 17 18 19 21 22 23 | 23.4
Stealth        | 1 |  1.5
Armour         | 2 5 7 9 11 12 | 12.0
Throwing       | 6 8 |  8.6
Hexes          | 2 |  2.9

Action                   |  1- 3 |  4- 6 |  7- 9 | 10-12 | 13-15 | 16-18 || total
-------------------------+-------+-------+-------+-------+-------+-------++-------
Melee: Flail             |    86 |   140 |   473 |  1006 |   838 |       ||  2543
       Punch             |       |     1 |     7 |    21 |    14 |       ||    43
       Giant club        |       |       |    52 |    31 |   354 |  1330 ||  1767
Throw: Throwing net      |     3 |     2 |     1 |     3 |       |       ||     9
       Dart              |       |       |     6 |    10 |     8 |     1 ||    25
       Large rock        |       |       |     3 |       |       |    22 ||    25
       Javelin           |       |       |     2 |    14 |       |       ||    16
Invok: Lunge             |       |       |     2 |    49 |    61 |    77 ||   189
       Whirlwind         |       |       |       |    19 |    27 |    44 ||    90
       Serpent's Lash    |       |       |       |       |     2 |     1 ||     3
 Abil: Wall Jump         |       |       |       |     1 |     1 |     1 ||     3
Evoke: Wand              |       |       |    12 |    27 |    14 |    24 ||    77
       Phantom mirror    |       |       |       |       |     1 |     1 ||     2
  Use: Scroll            |       |     6 |     4 |    16 |     6 |    18 ||    50
       Potion            |       |       |     5 |     1 |     4 |     7 ||    17
 Stab: Sleeping          |       |     2 |     1 |       |       |       ||     3
       Held in net/web   |       |     3 |       |       |       |       ||     3
       Distracted        |       |       |     1 |     1 |       |       ||     2
Armor: Robe              |    42 |    31 |   152 |     3 |       |       ||   228
       Skin              |       |       |    52 |    20 |       |       ||    72
       Swamp dragon scal |       |       |       |   403 |   434 |       ||   837
       Ice dragon scales |       |       |       |       |    71 |   723 ||   794
Dodge: Dodged            |    53 |    82 |   401 |   552 |   620 |   562 ||  2270

Table legend: (Time is in decaauts)
 A = Elapsed time spent in this place.
 B = Non-inter-level travel time spent in this place.
 C = Inter-level travel time spent in this place.
 D = Time resting spent in this place.
 E = Time spent auto-exploring this place.
 F = Levels seen in this place.
 G = Mean time per level.
                   A        B        C        D        E       F      G
               +--------+--------+--------+--------+--------+-----+--------+
         Total |  50983 |  48481 |   2502 |  16200 |  21439 |  35 | 1456.7 |
       Dungeon |  23268 |  22087 |   1181 |   6546 |  11124 |  15 | 1551.2 |
        Temple |    714 |    696 |     18 |    648 |     33 |   1 |  714.0 |
          Lair |  13208 |  12668 |    540 |   4224 |   6119 |   6 | 2201.3 |
         Swamp |   2576 |   2486 |     90 |    511 |   1045 |   4 |  644.0 |
     Snake Pit |   7268 |   6733 |    535 |   2573 |   2102 |   4 | 1817.0 |
  Orcish Mines |   2450 |   2313 |    137 |    882 |    965 |   2 | 1225.0 |
         Abyss |      8 |      8 |      0 |      0 |      0 |   1 |    8.0 |
       Ossuary |    591 |    591 |      0 |    145 |     51 |   1 |  591.0 |
      Ice Cave |    897 |    897 |      0 |    670 |      0 |   1 |  897.0 |
               +--------+--------+--------+--------+--------+-----+--------+

Top non-repeatable levels by time:
     D:6: 3291 daAuts
  Lair:4: 2790 daAuts
  Lair:6: 2728 daAuts
  Lair:2: 2365 daAuts
     D:8: 2353 daAuts
    D:10: 2099 daAuts
 Snake:4: 2077 daAuts
 Snake:2: 2066 daAuts
     D:9: 1934 daAuts
  Lair:3: 1901 daAuts
 Snake:3: 1776 daAuts
  Lair:1: 1760 daAuts
    D:13: 1709 daAuts
  Lair:5: 1662 daAuts
     D:4: 1534 daAuts
